 Dungeon Crawl Stone Soup version 0.32-a0-913-g739538afd8 (webtiles) character file.

Game seed: 4044648716898418448

15782 smashvw the Protected (level 12, -9/95 HPs)
             Began as a Minotaur Fighter on Apr 8, 2024.
             Was a Priest of Hepliaklqana.
             Mangled by a white ugly thing (20 damage)
             ... in an ice cave.
             The game lasted 00:27:27 (10904 turns).

smashvw the Protected (Minotaur Fighter)           Turns: 10904, Time: 00:27:28

Health: -9/95      AC: 22    Str: 25    XL:     12   Next: 4%
Magic:  0/13       EV: 12    Int:  5    God:    Hepliaklqana [***...]
Gold:   748        SH:  5    Dex: 11    Spells: 11/11 levels left

rFire   . . .        K - +5 trident (freeze)
rCold   . . .        c - +0 buckler
rNeg    + + .        F - +0 plate armour
rPois   .            (helmet restricted)
rElec   .            (no cloak)
rCorr   .            (no gloves)
SInv    .            o - +0 pair of boots
Will    .....        G - amulet of guardian spirit Stlth
                     E - +4 ring of protection
HPRegen 0.35/turn    M - ring of Sumijeer {rN++ EV+5}
MPRegen 0.13/turn

%: guardian spirit
@: no status effects
A: reduced essence, horns 2, retaliatory headbutt
a: Renounce Religion, Recall Ancestor, Ancestor Identity, Transference


You were in an ice cave.
You worshipped Hepliaklqana.
Hepliaklqana was most pleased with you.
You visited 2 branches of the dungeon, and saw 12 of its levels.
You also visited: Ice Cave.

You collected 748 gold pieces.

Inventory:

Hand Weapons
 a - a +0 trident
 B - a +2 trident of protection
 K - a +5 trident of freezing (weapon)
 S - a +2 halberd of protection
Missiles
 j - 24 poisoned darts
 k - 3 throwing nets
 t - 8 javelins
 I - 3 silver javelins
Armour
 c - a +0 buckler (worn)
 o - a +0 pair of boots (worn)
 F - a +0 plate armour (worn)
 Q - the +0 pair of gloves "Nydiq" {Rampage rPois Int-2}
   (You found it on level 9 of the Dungeon)

   Int-2:     It affects your intelligence (-2).
   rPois:     It protects you from poison.
   Rampage:   It bestows one free step when moving towards enemies.
Jewellery
 m - a ring of poison resistance
 p - a ring of fire
 x - an amulet of magic regeneration
 E - a +4 ring of protection (left hand)
 G - an amulet of guardian spirit (around neck)
 M - the ring of Sumijeer (right hand) {rN++ EV+5}
   (You found it on level 8 of the Dungeon)

   [ring of evasion]

   EV+5:      It affects your evasion (+5).
   rN++:      It greatly protects you from negative energy.
 R - a ring of magical power
Wands
 C - a wand of flame (3) (quivered)
 H - a wand of warping (18)
 J - a wand of mindburst (11)
 L - a wand of light (7)
 O - a wand of charming (10)
Scrolls
 e - 2 scrolls of revelation {unknown}
 g - 3 scrolls of amnesia
 i - 5 scrolls of teleportation
 l - 4 scrolls of fog
 n - a scroll of fear
 q - 2 scrolls of vulnerability
 s - 2 scrolls of enchant weapon
 u - 2 scrolls of immolation {unknown}
 y - 6 scrolls of poison {unknown}
 z - a scroll of butterflies
 D - 2 scrolls of noise {unknown}
 N - a scroll of brand weapon
Potions
 b - 9 potions of curing
 d - a potion of might
 f - 2 potions of enlightenment
 h - 4 potions of invisibility {unknown}
 r - a potion of heal wounds
 v - 3 potions of haste {unknown}
 w - a potion of mutation
 A - 2 potions of attraction {unknown}
 T - a potion of cancellation
 U - 2 potions of brilliance {unknown}
 V - 2 potions of lignification {unknown}
Miscellaneous
 P - a lightning rod (4/4)


   Skills:
 - Level 10.0 Fighting
 - Level 14.0 Polearms
 + Level 14.8 Armour
 - Level 3.0 Dodging
 - Level 6.0 Shields
 - Level 3.0 Invocations
 - Level 3.0 Evocations


You had 11 spell levels left.
You didn't know any spells.
Your spell library contained the following spells:

 Spells                   Type           Power      Damage    Failure   Level
 Dazzling Flash           Conj/Hex       0%         N/A       100%        3
 Mephitic Cloud           Conj/Alch/Air  0%         N/A       100%        3
 Tukima's Dance           Hex            0%         N/A       100%        3
 Passage of Golubria      Tloc           0%         N/A       100%        4
 Curse of Agony           Necr           0%         N/A       100%        5
 Silence                  Hex/Air        0%         N/A       100%        5
 Yara's Violent Unravell  Hex/Alch       0%         3d3       100%        5


Dungeon Overview and Level Annotations

Branches:
Dungeon (11/15)            Temple (1/1) D:7            Lair (0/5) D:10
    Orc (0/2) D:9           IceCv (1/1)

Altars:
Ashenzari
Cheibriados
Dithmenos
Elyvilon
Fedhas
Gozag
Hepliaklqana
Kikubaaqudgha
Makhleb
Nemelex Xobeh
Okawaru
Qazlal
Ru
Sif Muna
Trog
Uskayaw
Vehumet
Wu Jian
Xom
Yredelemnul
Zin
The Shining One

Annotations:
D:2 1 runed translucent door, Crazy Yiuf


Innate Abilities, Weirdness & Mutations

Your life essence is reduced to manifest your ancestor. (-10% HP)
You have a pair of horns on your head.
You reflexively headbutt those who attack you in melee.


Message History

Reach: K) +5 trident (freeze)
Press: ? - help, Dir - move target, f/p - ice statue
Aim: an ice statue (severely damaged, ally target, about 5% to evade your +5 trident of freezing)
You reach to attack!
You puncture the ice statue!
The ice statue is almost destroyed.
You are engulfed in freezing vapours.
David hits the ice statue with a +0 flail.
Reach: K) +5 trident (freeze)
Press: ? - help, Dir - move target, f/p - ice statue
Aim: an ice statue (almost destroyed, ally target, about 5% to evade your +5 trident of freezing)
You reach to attack!
You puncture the ice statue!
You destroy the ice statue!
The ice beast disappears in a puff of smoke!
You are engulfed in freezing vapours.
Reach: K) +5 trident (freeze)
Press: ? - help, Dir - move target, f - white ugly thing
Aim: a white ugly thing (ally target, about 28% to evade your +5 trident of freezing)
You reach to attack!
You puncture the white ugly thing! You freeze the white ugly thing.
The white ugly thing is moderately wounded.
You barely miss the white ugly thing.
The white ugly thing is lightly wounded.
David barely misses the white ugly thing.
You closely miss the white ugly thing.
The white ugly thing is lightly wounded.
The white ugly thing pecks you. The white ugly thing freezes you!!
* * * LOW HITPOINT WARNING * * *
You puncture the white ugly thing!
The white ugly thing is heavily wounded.
The three-headed hydra simulacrum bites David but does no damage.
The three-headed hydra simulacrum bites David.
The three-headed hydra simulacrum freezes David!
David resists.
The three-headed hydra simulacrum barely misses David.
David hits the three-headed hydra simulacrum with a +0 flail.
The white ugly thing pecks you!
* * * LOW HITPOINT WARNING * * *
The white ugly thing freezes you!!
You die...
Hepliaklqana delivers you to your ancestors.

#.......#
#.......#
####.####
#......(#
#.......#
#.......#
#.......#
#.......#
##.@...##
##uR.##
##Z## ...
.ยง..
.....
......#
...$#


You could see the friendly David the knight, a white ugly thing and a
three-headed hydra simulacrum (ally target).

Vanquished Creatures
  A centaur warrior (D:9)
  A two-headed ogre (D:9)
  A boulder beetle (D:11)
  2 ugly things
  3 ice statues (IceCv)
  Joseph (D:7)
  Jeremiah (D:6)
  4 kobold demonologists
  Maggie (D:7)
  A rime drake (D:10)
  A komodo dragon (D:10)
  A hornet (D:9)
  A troll (D:9)
  Grinder (D:5)
  2 shadows
  2 wyverns (D:9)
  A wraith (D:9)
  Eustachio (D:5)
  3 yaks (D:9)
  4 steam dragons
  A death yak simulacrum (IceCv)
  Menkaure (D:5)
  A harpy simulacrum (IceCv)
  2 acid dragons
  Edmund (D:6)
  A water moccasin (D:6)
  Duvessa (D:7)
  9 orc warriors
  A black bear (D:4)
  10 ice beasts
  3 ogres
  A centaur (D:10)
  A wolf (D:10)
  Blork the orc (D:5)
  A kobold brigand (D:10)
  A gnoll sergeant (D:6)
  2 bullfrogs
  5 scorpions
  6 wights
  Dowan (D:7)
  An elephant simulacrum (IceCv)
  A howler monkey (D:10)
  An electric eel (D:9)
  A bombardier beetle (D:6)
  2 hounds (D:6)
  A jelly (D:6)
  7 orc priests
  4 gnoll boudas
  Natasha (thrice) (D:4)
  2 iguanas (D:6)
  5 orc wizards
  A polar bear simulacrum (IceCv)
  A wolf simulacrum (IceCv)
  36 gnolls
  2 adders
  6 ufetubi
  4 dart slugs
  A ribbon worm (D:5)
  30 orcs
  8 ball pythons
  3 bats
  2 endoplasms (D:1)
  6 goblins
  9 hobgoblins
  14 kobolds
  A quokka (D:1)
  A frilled lizard (D:3)
  2 rats (D:3)
238 creatures vanquished.

Vanquished Creatures (collateral kills)
  A two-headed ogre (D:8)
  A cyclops (D:9)
  A troll (D:10)
  2 ice beasts (D:10)
  2 centaurs
  A gnoll sergeant (D:8)
  2 wights (D:8)
  An electric eel (D:9)
  5 orc priests
  2 gnoll boudas
  2 orc wizards
  6 gnolls
  7 orcs
  2 hobgoblins (D:6)
  4 kobolds
39 creatures vanquished.

Vanquished Creatures (others)
  A sky beast (D:8)
  2 knights
  2 ancestors (D:7)
5 creatures vanquished.

Grand Total: 282 creatures vanquished

Notes
Turn   | Place    | Note
-------+----------+-------------------------------------------
     0 | D:1      | smashvw the Minotaur Fighter began the quest for the Orb.
     0 | D:1      | Reached XP level 1. HP: 19/19 MP: 0/0
   381 | D:1      | Found a faded altar of an unknown god.
   461 | D:1      | Reached XP level 2. HP: 27/27 MP: 1/1
  1194 | D:2      | Reached XP level 3. HP: 33/33 MP: 2/2
  1315 | D:2      | Found a runed translucent door.
  1315 | D:2      | Identified the +1 hammer of Jiock {holy, rN+}
  1316 | D:2      | Noticed Crazy Yiuf
  1914 | D:3      | Reached XP level 4. HP: 41/41 MP: 3/3
  2000 | D:3      | Found a sparkling altar of Nemelex Xobeh.
  2170 | D:4      | Noticed a black bear
  2223 | D:4      | Found a white marble altar of Elyvilon.
  2224 | D:4      | Found an ornate altar of the Wu Jian Council.
  2229 | D:4      | Found a shadowy altar of Dithmenos.
  2233 | D:4      | Noticed a scorpion
  2241 | D:4      | Killed a scorpion
  2242 | D:4      | Reached XP level 5. HP: 47/47 MP: 4/4
  2398 | D:4      | Noticed Natasha
  2405 | D:4      | Killed Natasha
  2466 | D:4      | Reached skill level 5 in Fighting
  2466 | D:4      | Reached skill level 5 in Armour
  2466 | D:4      | Reached skill level 5 in Shields
  2501 | D:4      | Found a blossoming altar of Fedhas.
  2525 | D:4      | Noticed Natasha
  2531 | D:4      | Killed a black bear
  2532 | D:4      | Reached XP level 6. HP: 29/56 MP: 5/5
  2538 | D:4      | Killed Natasha
  2593 | D:4      | Noticed Natasha
  2602 | D:4      | Killed Natasha
  2880 | D:4      | Found a hazy altar of Hepliaklqana.
  2885 | D:4      | Became a worshipper of Hepliaklqana the Forgotten
  2922 | D:5      | Entered Level 5 of the Dungeon
  2922 | D:5      | Noticed an ice beast
  2925 | D:5      | Noticed Menkaure
  2938 | D:5      | Killed an ice beast
  2942 | D:5      | Killed Menkaure
  2943 | D:5      | Reached skill level 5 in Polearms
  2943 | D:5      | Reached XP level 7. HP: 5/62 MP: 6/6
  3373 | D:5      | Noticed Eustachio
  3386 | D:5      | Killed Eustachio
  3487 | D:5      | Noticed Blork the orc
  3494 | D:5      | Killed Blork the orc
  3495 | D:5      | Reached XP level 8. HP: 73/73 MP: 7/7
  3508 | D:5      | Noticed Grinder
  3517 | D:5      | Killed Grinder
  4101 | D:5      | Found a snail-covered altar of Cheibriados.
  4195 | D:5      | Found an opulent altar of Gozag.
  4343 | D:6      | Noticed Edmund
  4912 | D:6      | Found a radiant altar of Vehumet.
  4971 | D:6      | Reached * piety under Hepliaklqana
  4995 | D:6      | Reached XP level 9. HP: 75/75 MP: 8/8
  5336 | D:6      | Noticed Jeremiah
  5344 | D:6      | Killed Jeremiah
  5345 | D:6      | Reached skill level 10 in Fighting
  5345 | D:6      | Reached skill level 10 in Polearms
  5467 | D:6      | Killed Edmund
  5929 | D:7      | Found a sacrificial altar of Ru.
  5929 | D:7      | Noticed Maggie
  5941 | D:7      | Killed Maggie
  6007 | D:7      | Noticed Joseph
  6022 | D:7      | Killed Joseph
  6202 | D:7      | Noticed Dowan
  6203 | D:7      | Noticed Duvessa
  6220 | D:7      | Reached XP level 10. HP: 73/83 MP: 9/9
  6224 | D:7      | Killed Duvessa
  6236 | D:7      | Killed Dowan
  6293 | D:7      | Found a staircase to the Ecumenical Temple.
  6326 | Temple   | Entered the Ecumenical Temple
  6663 | D:7      | Noticed a white ugly thing
  6677 | D:7      | Killed a white ugly thing
  6841 | D:7      | Reached ** piety under Hepliaklqana
  6842 | D:7      | Remembered your ancestor David as a knight
  7067 | D:8      | Noticed a two-headed ogre
  7073 | D:8      | Killed a two-headed ogre
  7074 | D:8      | Reached skill level 10 in Armour
  7295 | D:8      | Identified the ring of Sumijeer {rN++ EV+5}
  7365 | D:8      | Found a basalt altar of Yredelemnul.
  7649 | D:9      | Noticed a two-headed ogre
  7651 | D:9      | Noticed a cyclops
  7696 | D:9      | Reached XP level 11. HP: 89/89 MP: 10/10
  7701 | D:9      | Reached skill level 1 in Dodging
  7701 | D:9      | Reached skill level 1 in Invocations
  7701 | D:9      | Reached skill level 1 in Evocations
  7784 | D:9      | Found a bloodstained altar of Trog.
  7859 | D:9      | Identified the +0 pair of gloves "Nydiq" {Rampage rPois
                  | Int-2}
  7961 | D:9      | Noticed a centaur warrior
  7987 | D:9      | Killed a centaur warrior
  8000 | D:9      | Killed a two-headed ogre
  8299 | D:9      | Found a staircase to the Orcish Mines.
  8375 | D:10     | Entered Level 10 of the Dungeon
  8393 | D:10     | Reached *** piety under Hepliaklqana
  9041 | D:10     | Found a staircase to the Lair.
  9390 | D:11     | Reached **** piety under Hepliaklqana
  9461 | D:11     | Noticed a boulder beetle
  9462 | D:11     | Found a frozen archway.
  9486 | D:11     | Killed a boulder beetle
  9492 | IceCv    | Entered an ice cave
  9584 | IceCv    | Noticed a white ugly thing
  9601 | IceCv    | Killed a white ugly thing
  9942 | IceCv    | HP: 3/89 [something] (13)]
 10608 | IceCv    | Reached XP level 12. HP: 27/95 MP: 3/13
 10904 | IceCv    | Mangled by a white ugly thing

Illustrated notes

Levels and vault maps discovered:
D:1:      amcnicky_arrival_wind_blow, layout_basic,
          hellmonk_ecumenical_altar_crossroads, fountainhead
D:2:      layout_basic, uniq_crazy_yiuf_cottage
D:3:      layout_rooms, nemelex_diamond_rough_becter, minmay_misc_feat_hallway,
          chequers_serial_rivers_small_b
D:4:      layout_rooms, nzn_hepliaklqana_mist_gate,
          chequers_temple_overflow_statue_of_worship, fedhas_altar_4,
          chequers_serial_rivers_room_a, uniq_natasha
D:5:      layout_basic, mainiacjoe_overflow_boulevard,
          mainiacjoe_overflow_concentric_impassable, serial_bayou_pond_b,
          uniq_eustachio, uniq_blork_the_orc, uniq_menkaure, uniq_grinder
D:6:      kennysheep_housing_project, layout_loops_ring, vehumet_crystals,
          bh_walls_and_bars, uniq_jeremiah, uniq_edmund
D:7:      layout_cave_pools, mainiacjoe_overflow_catwalk,
          minmay_temple_entry_mini_moons, uniq_maggie, uniq_joseph, uniq_duvessa
D:8:      layout_rooms, kennysheep_little_box
D:9:      layout_big_octagon, trog_hazing_becter, erik_orc_2,
          minmay_mirror_moons_of_madness
D:10:     layout_gridville, hellmonk_lair_entry_icy, dk_noncrumbling_2
D:11:     layout_roguey, portal_ice_cave_entry_pillars_2, grunt_tough_drop
Temple:   eino_temple_lava
IceCv:    ice_cave_statue_garden_chambered

Skill      XL: |  1  2  3  4  5  6  7  8  9 10 11 |
---------------+----------------------------------+-----
Fighting       | 4 5 7 9 10 | 10.0
Armour         | 4 5 6 7 11 14 | 14.8
Shields        | 4 5 6 |  6.0
Polearms       | 3 4 5 6 9 12 14 | 14.0
Dodging        | 3 |  3.0
Invocations    | 3 |  3.0
Evocations     | 3 |  3.0

Action                     |  1- 3 |  4- 6 |  7- 9 | 10-12 || total
---------------------------+-------+-------+-------+-------++-------
  Melee: Trident           |    87 |    91 |   357 |   550 ||  1085
         Headbutt          |     2 |    10 |    48 |    61 ||   121
  Throw: Dart              |       |     2 |       |     2 ||     4
 Invoke: Ancestor Identity |       |       |     1 |       ||     1
         Ancestor Life: Kn |       |       |       |     1 ||     1
         Recall Ancestor   |       |       |       |     1 ||     1
  Evoke: Wand              |       |       |       |    29 ||    29
    Use: Potion            |       |     1 |       |     3 ||     4
         Scroll            |       |       |       |    13 ||    13
   Stab: Distracted        |       |       |     2 |     2 ||     4
 Armour: Chain mail        |    41 |    57 |   170 |       ||   268
         Scale mail        |     5 |       |       |       ||     5
         Plate armour      |       |       |    41 |   294 ||   335
  Dodge: Dodged            |    22 |    27 |    63 |   156 ||   268
  Block: Buckler           |    12 |    18 |    58 |    68 ||   156

Table legend: (Time is in decaauts)
 A = Elapsed time spent in this place.
 B = Non-inter-level travel time spent in this place.
 C = Inter-level travel time spent in this place.
 D = Time resting spent in this place.
 E = Time spent auto-exploring this place.
 F = Levels seen in this place.
 G = Mean time per level.
                   A        B        C        D        E       F      G
               +--------+--------+--------+--------+--------+-----+--------+
         Total |  10708 |  10334 |    374 |   1438 |   7085 |  13 |  823.7 |
       Dungeon |   9218 |   8844 |    374 |    237 |   7009 |  11 |  838.0 |
        Temple |    124 |    124 |      0 |    122 |      0 |   1 |  124.0 |
      Ice Cave |   1364 |   1364 |      0 |   1079 |     76 |   1 | 1364.0 |
               +--------+--------+--------+--------+--------+-----+--------+

Top non-repeatable levels by time:
     D:5: 1566 daAuts
     D:6: 1376 daAuts
   IceCv: 1364 daAuts
     D:7: 942 daAuts
    D:10: 905 daAuts
     D:2: 822 daAuts
     D:9: 810 daAuts
     D:1: 797 daAuts
     D:4: 747 daAuts
     D:3: 596 daAuts
     D:8: 487 daAuts
    D:11: 164 daAuts
  Temple: 124 daAuts
